 Dungeon Crawl Stone Soup version 0.18-a0-1405-g73f4075 (webtiles) character file.

553 gorblad the Skirmisher (level 7, -7/54 HPs)
             Began as a Vampire Fighter on Feb 24, 2016.
             Mangled by an orc warrior
             ... wielding a +0 short sword
              (11 damage)
             ... on level 4 of the Dungeon.
             The game lasted 00:05:10 (2555 turns).

gorblad the Skirmisher (Vampire Fighter)            Turns: 2555, Time: 00:05:11

Health: -7/54      AC:  6    Str: 17    XL:     7   Next: 8%
Magic:  7/7        EV:  9    Int: 10    God:
Gold:   134        SH:  0    Dex: 14    Spells: 0 memorised, 6 levels left

rFire  . . .     SeeInvis +     a - +1 long sword
rCold  + . .     Gourm    .     b - +0 scale mail
rNeg   + + .     Faith    .     c - +0 shield
rPois  +         Spirit   .     (no helmet)
rElec  .         Dismiss  .     (no cloak)
rCorr  .         Reflect  .     (no gloves)
SustAt .         Harm     .     (no boots)
MR     .....                    (no amulet)
Stlth  ..........               (no ring)
                                (no ring)

@: confused, regenerating slowly, not resistant to hostile enchantments,
extremely unstealthy
A: fangs 3, see invisible, unbreathing
a: Bat Form


You were on level 4 of the Dungeon.
You were very thirsty.

You visited 1 branch of the dungeon, and saw 4 of its levels.

You collected 134 gold pieces.

Inventory:

Hand Weapons
 a - a +1 long sword (weapon)
Armour
 b - a +0 scale mail (worn)
 c - a +0 shield (worn)
Scrolls
 f - 2 scrolls of amnesia
 h - a scroll of remove curse {unknown}
 j - a scroll of identify
Potions
 d - 2 potions of might
 e - 6 potions of blood
 g - a potion of ambrosia
 i - a potion of lignification


   Skills:
 + Level 4.3 Fighting
 + Level 4.1 Long Blades
 - Level 2.4 Armour
 + Level 3.9 Dodging
 + Level 4.3 Shields


You had 6 spell levels left.
You didn't know any spells.

Dungeon Overview and Level Annotations

Branches:
Dungeon (4/15)
 Temple: D:4-7

Altars:
Xom
Zin


Innate Abilities, Weirdness & Mutations

You heal slowly.
You have razor-sharp teeth.
You have supernaturally acute eyesight.
You can survive without breathing.


Message History

The orc warrior is heavily wounded.
You block the orc's attack. The orc hits you but does no damage.
The orc warrior closely misses you. The orc hits you with a vampiric whip.
* * * LOW HITPOINT WARNING * * *
You block the orc's attack. The orc hits you.
* * * LOW HITPOINT WARNING * * *
Drink which item? (? for menu, Esc to quit)
You are confused.
You feel invigorated.
The orc warrior hits you with a short sword.
* * * LOW HITPOINT WARNING * * *
The orc barely misses you. x2; The orc hits you.
* * * LOW HITPOINT WARNING * * *
You miss the orc warrior. Your bite misses the orc warrior.
The orc warrior is heavily wounded.
The orc warrior hits you with a short sword!
* * * LOW HITPOINT WARNING * * *
The orc barely misses you. The orc hits you but does no damage. x2
The orc warrior hits you with a short sword!
You die...

##.......###
##........##
#........>##
#.)........#
#..........#
#..........#
#..........#
#.......[..#
##....o@..##
#....ooo.#
#..........#
#..........#
#..........#
#...(......#
#..........#
##........##


You could see an orc warrior and 3 orcs.

Vanquished Creatures
  Grinder (D:3)
  An ogre (D:4)
  A giant frog (D:4)
  A scorpion (D:4)
  A hound (D:4)
  A worker ant (D:4)
  A hound skeleton (D:4)
  A howler monkey skeleton (D:4)
  3 adders (D:3)
  An ooze (D:2)
  A worm (D:3)
  A giant gecko (D:2)
  An orc (D:3)
  2 giant cockroaches (D:2)
  8 goblins
  5 hobgoblins
  A quokka (D:2)
  13 bats
  6 giant newts
  3 kobolds (D:2)
  A quokka skeleton (D:4)
  4 rats
58 creatures vanquished.

Notes
Turn   | Place    | Note
--------------------------------------------------------------
     0 | D:1      | gorblad the Vampire Fighter began the quest for the Orb.
     0 | D:1      | Reached XP level 1. HP: 17/17 MP: 1/1
   352 | D:1      | Reached XP level 2. HP: 20/23 MP: 2/2
   391 | D:1      | Reached skill level 1 in Dodging
   887 | D:2      | Found a faded altar to an unknown god.
   949 | D:2      | Reached XP level 3. HP: 26/29 MP: 3/3
  1295 | D:3      | Noticed Grinder
  1295 | D:3      | Paralysed by Grinder for 7 turns
  1310 | D:3      | HP: 1/29 [Grinder (6)]
  1325 | D:3      | Killed Grinder
  1325 | D:3      | Reached XP level 4. HP: 29/37 MP: 4/4
  1325 | D:3      | Reached XP level 5. HP: 32/42 MP: 5/5
  1936 | D:3      | Reached XP level 6. HP: 48/48 MP: 6/6
  2065 | D:4      | Found a glowing silver altar of Zin.
  2066 | D:4      | Noticed an angel
  2075 | D:4      | Found a shimmering altar of Xom.
  2530 | D:4      | Reached XP level 7. HP: 42/54 MP: 7/7
  2555 | D:4      | Mangled by an orc warrior

Vault maps used:
D:1:      evilmike_arrival_rings, minmay_door_square, st_stairs_14
D:2:      ecumenical_altar_2
D:3:      first_bread, hangedman_abyss_or_decor_stabs, uniq_grinder
D:4:      grunt_temple_overflow_order_and_chaos_1, lemuel_temple_firewalk_marked

Skill      XL: |  1  2  3  4  5  6 |
---------------+-------------------+-----
Dodging        | 1 2 3 |  3.9
Shields        | 3 4 |  4.3
Fighting       | 3 4 |  4.3
Long Blades    | 3 4 |  4.1
Armour         | |  2.4

Action                   |  1- 3 |  4- 6 |  7- 9 || total
-------------------------+-------+-------+-------++-------
Melee: Long sword        |   123 |    78 |    14 ||   215
  Use: Scroll            |     7 |     1 |       ||     8
       Potion            |     3 |     2 |     1 ||     6
 Stab: Invisible         |       |     1 |       ||     1
